Map: 10000 Feet LE

Players

Kimchi - Winner!

  • Race: Terran Terran
  • League: Diamond
  • Spawn Location: 5:00

Maoofe

  • Race: Zerg Zerg
  • League: Diamond
  • Spawn Location: 11:00

VOD

Have the link to the VOD?

Description

Time

  • Played on: April 2, 2026, 11:01 p.m.
  • Length: 13:33
Show
View Real Time Build Order
Export as new Build Order

Kimchi Terran - Winner!

Build Orders: Reaper Expand, Hellion Banshee, Mech 

Get SALT Encoding   

  12  0:00  SCV  
  13  0:13  SCV  
  14  0:17  Supply Depot  
  14  0:25  SCV  
  15  0:39  SCV  
  15  0:40  Barracks  
  16  0:44  Refinery  
  16  0:51  SCV  
  17  1:03  SCV  
  18  1:15  SCV  
  19  1:28  Reaper  
  19  1:29  Orbital Command  
  20  1:34  Supply Depot  
  20  1:42  Command Center  
  20  1:55  Supply Depot  
  20  1:56  SCV  
  20  2:00  Marine  
  22  2:13  Bunker  
  22  2:16  Factory  
  22  2:20  Refinery, SCV  
  23  2:34  SCV  
  23  2:36  Supply Depot  
  24  2:38  Barracks Reactor  
  24  2:46  SCV  
  25  2:54  Orbital Command  
  25  2:58  SCV  
  26  3:05  Starport  
  26  3:10  SCV  
  27  3:22  Barracks Tech Lab, SCV x2  
  27  3:24  Hellion  
  27  3:25  Hellion  
  33  3:34  SCV  
  33  3:35  SCV  
  35  3:46  SCV  
  36  3:49  Banshee  
  36  3:50  Cloaking Field  
  36  3:51  Hellion  
  36  3:52  Hellion  
  36  3:54  SCV  
  44  3:59  SCV  
  45  4:04  Supply Depot  
  45  4:06  Refinery  
  45  4:08  Supply Depot  
  45  4:10  Marine  
  45  4:13  SCV x2, Hellion x2  
  52  4:20  Armory  
  52  4:25  SCV  
  52  4:31  Engineering Bay  
  53  4:32  Banshee  
  53  4:36  Barracks Tech Lab  
  56  4:40  SCV  
  56  4:42  SCV  
  56  4:43  Factory  
  58  4:47  Refinery  
  58  4:52  Hellion  
  60  4:54  SCV  
  61  5:05  Hellion  
  63  5:08  Missile Turret  
  63  5:09  Supply Depot  
  63  5:11  Missile Turret  
  63  5:12  Terran Vehicle And Ship Armor Level 1  
  63  5:13  Hellion  
  65  5:22  Factory  
  65  5:34  Command Center  
  65  5:35  Banshee  
  68  5:42  Hellion  
  70  5:47  SCV  
  71  5:51  Factory Tech Lab  
  71  5:52  Barracks Reactor  
  71  5:58  Factory  
  71  5:59  SCV  
  72  6:22  Supply Depot  
  72  6:24  Command Center, Supply Depot  
  70  6:41  SCV  
  59  6:53  SCV  
  54  7:06  Hellion x2  
  55  7:13  Orbital Command  
  55  7:18  Factory Tech Lab  
  55  7:19  Banshee  
  55  7:20  Siege Tank  
  61  7:23  Siege Tank  
  61  7:26  Armory  
  61  7:28  Supply Depot x2  
  61  7:30  Terran Vehicle And Ship Armor Level 2, Supply Depot  
  61  7:40  Planetary Fortress  
  61  7:43  Refinery  
  62  7:44  SCV x3  
  62  7:45  Refinery  
  62  7:49  Siege Tank  
  67  7:52  Siege Tank  
  67  7:55  Siege Tank  
  67  7:56  SCV  
  67  7:57  Factory  
  74  8:00  SCV  
  74  8:02  Banshee  
  74  8:05  Supply Depot  
  78  8:06  Supply Depot  
  78  8:12  SCV  
  79  8:21  Thor  
  79  8:23  Hellion x2  
  79  8:24  SCV  
  79  8:25  Siege Tank  
  93  8:27  Siege Tank  
  93  8:28  SCV  
  97  8:40  SCV  
  98  8:45  Raven  
  100  8:49  Hellion x2  
  100  8:53  SCV  
  105  8:55  Command Center  
  105  8:56  Missile Turret  
  105  8:57  Siege Tank, Missile Turret, SCV  
  105  8:58  SCV  
  105  8:59  Siege Tank  
  113  9:05  SCV  
  113  9:06  Hellion x2  
  113  9:07  Infernal Pre-Igniter  
  113  9:09  Mag-Field Accelerator  
  109  9:17  SCV  
  104  9:24  Cyclone  
  104  9:29  Cyclone  
  113  9:31  Cyclone  
  113  9:40  SCV  
  113  9:44  Command Center  
  114  9:49  Terran Vehicle Weapons Level 1  
  114  9:50  Terran Vehicle And Ship Armor Level 3  
  115  9:52  SCV  
  115  9:55  Banshee  
  115  9:56  Cyclone  
  115  9:58  Hellion x4  
  129  10:02  Orbital Command  
  129  10:13  SCV  
  129  10:14  SCV  
  131  10:18  Orbital Command  
  131  10:23  Cyclone x2  
  131  10:25  Hellion x2  
  142  10:28  SCV, Cyclone  
  142  10:33  Supply Depot  
  145  10:36  Supply Depot  
  145  10:38  Banshee  
  145  10:40  SCV  
  149  10:44  Refinery  
  149  10:46  SCV  
  149  10:47  Refinery, SCV x3  
  153  10:51  Missile Turret  
  153  10:52  SCV  
  153  10:55  Siege Tank  
  157  10:58  SCV  
  157  10:59  SCV x2  
  157  11:00  Factory  
  157  11:03  Factory  
  159  11:04  SCV  
  159  11:11  Orbital Command  
  144  11:22  Thor x2  
  144  11:24  Hellion  
  148  11:27  Thor  
  147  11:37  Raven  
  149  11:54  SCV  
  150  12:05  Siege Tank x2  
  150  12:06  SCV  
  143  12:11  Banshee  
  128  12:17  Siege Tank  
  128  12:18  Hellion x3  
  128  12:22  Factory Tech Lab x2  
  137  12:24  SCV  
  130  12:33  Hellion  
  130  12:36  SCV  
  133  12:37  Siege Tank x2  
  135  12:49  Siege Tank  
  133  12:54  Hellion x2  
  133  12:55  Hellion x4  
Show
View Real Time Build Order
Export as new Build Order

Maoofe Zerg 

Build Orders: Hatch First, Roach Hydra 

Get SALT Encoding   

  12  0:00  Drone  
  13  0:11  Drone  
  14  0:16  Overlord  
  15  0:35  Drone  
  15  0:36  Drone x2  
  17  0:54  Drone  
  17  0:55  Hatchery  
  17  1:08  Extractor  
  17  1:09  Drone  
  17  1:13  Spawning Pool  
  17  1:16  Drone  
  17  1:21  Drone  
  18  1:29  Drone  
  19  1:40  Overlord  
  19  2:00  Queen  
  21  2:01  Zergling x2  
  21  2:08  Queen  
  24  2:09  Drone  
  24  2:10  Drone  
  26  2:17  Zergling x2, Metabolic Boost  
  26  2:19  Drone  
  28  2:24  Drone  
  28  2:29  Overlord  
  29  2:34  Drone  
  30  2:41  Drone  
  31  2:47  Lair  
  31  2:50  Drone  
  33  2:51  Drone  
  33  2:54  Roach Warren  
  32  2:59  Drone  
  32  3:00  Extractor  
  32  3:02  Overlord  
  32  3:10  Drone  
  32  3:11  Drone x3  
  36  3:20  Drone x2  
  36  3:21  Drone, Evolution Chamber  
  36  3:26  Drone  
  39  3:31  Drone  
  39  3:32  Drone x2  
  42  3:43  Drone x4  
  42  3:44  Glial Reconstitution  
  42  3:48  Zerg Missile Weapons Level 1  
  46  3:50  Drone x2  
  46  3:53  Drone  
  46  3:54  Extractor  
  48  4:02  Queen  
  50  4:11  Hydralisk Den  
  49  4:18  Roach  
  49  4:19  Overlord  
  50  4:30  Overlord  
  50  4:37  Roach  
  50  4:38  Roach x3  
  58  4:40  Overlord  
  58  4:42  Grooved Spines  
  58  4:47  Overlord  
  58  4:53  Roach  
  58  4:54  Roach x3, Overlord  
  66  5:01  Hatchery  
  66  5:03  Roach x3  
  71  5:13  Overlord  
  71  5:18  Drone x4  
  75  5:32  Muscular Augments  
  75  5:34  Roach x7  
  89  5:48  Extractor  
  88  5:52  Zerg Ground Armor Level 1  
  88  5:55  Extractor  
  87  5:57  Extractor  
  86  6:10  Overseer x2  
  86  6:11  Hydralisk  
  86  6:16  Drone x4  
  86  6:17  Drone x7  
  99  6:23  Overseer  
  94  6:40  Ravager  
  84  7:23  Roach x3  
  84  7:24  Roach x7  
  104  7:32  Overlord  
  104  7:33  Overlord x4  
  104  7:40  Overlord x2  
  104  7:41  Overlord  
  104  7:52  Drone  
  104  7:53  Drone x5  
  104  7:57  Hatchery  
  109  8:10  Hydralisk  
  109  8:11  Hydralisk x6  
  120  8:31  Zerg Ground Armor Level 2  
  120  8:32  Queen  
  120  8:33  Drone  
  123  8:34  Drone x9  
  132  8:45  Drone x2  
  134  8:53  Hydralisk x6  
  82  9:31  Evolution Chamber  
  81  9:32  Drone x3  
  81  9:33  Drone x3  
  81  9:37  Extractor  
  86  9:39  Extractor  
  85  9:46  Drone  
  85  9:47  Drone x6, Overlord x4  
  85  9:48  Evolution Chamber  
  91  9:54  Roach  
  91  9:55  Roach x4  
  91  9:58  Queen  
  103  10:04  Zerg Melee Weapons Level 1  
  103  10:12  Evolution Chamber  
  103  10:13  Roach x11  
  124  10:16  Infestation Pit  
  123  10:23  Drone  
  123  10:24  Drone x5  
  129  10:29  Zerg Missile Weapons Level 2  
  129  10:33  Hydralisk x7  
  143  10:36  Spore Crawler  
  143  10:40  Roach  
  143  10:41  Roach x3  
  150  10:47  Roach  
  150  10:48  Roach x5  
  162  10:50  Roach  
  162  10:54  Overseer  
  164  11:00  Hive  
  106  11:30  Roach  
  106  11:31  Roach x17  
  124  11:39  Hydralisk  
  124  11:40  Hydralisk x6  
  138  11:49  Hydralisk  
  138  11:50  Hydralisk x5  
  150  11:54  Overlord  
  150  11:55  Overlord  
  150  11:57  Roach  
  152  12:01  Hydralisk  
  106  12:18  Roach  
  106  12:19  Roach x13  
  96  12:30  Roach  
  94  12:38  Roach x7  
  94  12:39  Roach x2  
  86  12:54  Hydralisk  
  86  12:55  Hydralisk x6  
Tags
 
Add a new tag
Caveats
  • Supply blocks, unpowered buildings, or Contaminate may cause inaccurate times.
  • Supply counts are checked every 10 seconds.